[Event "Titled Tuesday Blitz June 13 Early 2023"]
[White "Omelja, Artem"]
[Black "Bashirli, Saadat"]
[WhiteFideId "14119846"]
[BlackFideId "13429990"]
[WhiteElo "2404"]
[BlackElo "1408"]
[Result "1/2-1/2"]
[Round "6"]
[TimeControl "180+2"]
[Date "2023.06.13"]
[WhiteClock "0:00:05"]
[BlackClock "0:00:04"]
[Board "111"]

1. e4 c5 2. Nf3 g6 3. c3 Nf6 4. d4 Nxe4 5. Bd3 Nf6 6. dxc5 Bg7 7. O-O O-O 8. b4 d6 9. cxd6 Qxd6 10. Qe2 Bg4 11. h3 Be6 12. Bb2 Nc6 13. Nbd2 Rfd8 14. Bc4 Bxc4 15. Nxc4 Qc7 16. Rad1 Rxd1 17. Rxd1 Rd8 18. Rxd8+ Qxd8 19. b5 Nb8 20. a4 Nbd7 21. Ba3 e6 22. Nd6 Qc7 23. Qc4 Qxc4 24. Nxc4 Nd5 25. Nd6 Nxc3 26. a5 b6 27. a6 Bf8 28. Nd4 Bxd6 29. Bxd6 e5 30. Nc6 Nxb5 31. Bxe5 Nxe5 32. Nxe5 Nc7 33. Nc6 Nxa6 34. Nxa7 Nc5 35. Kf1 Kf8 36. Ke2 Ke8 37. Ke3 Kd7 38. Kd4 f6 39. Kd5 Nd3 40. Nb5 Nf4+ 41. Ke4 Nxg2 42. Nc3 Ke6 43. Nd5 f5+ 44. Kd4 b5 45. Nc7+ Kf6 46. Nxb5 Nf4 47. Ke3 Nxh3 48. f4 g5 49. fxg5+ Kxg5 50. Kf3 Nf4 51. Nd4 Ng6 52. Ne6+ Kf6 53. Nd4 h5 54. Kg3 Ke5 55. Nf3+ Ke4 56. Ng5+ Ke3 57. Nf3 f4+ 58. Kg2 h4 59. Ng5 Ke2 60. Ne4 f3+ 61. Kg1 Nf4 62. Nc3+ Kd3 63. Nd1 Kd2 64. Nf2 Ke2 65. Ng4 Kd3 66. Kf2 Ke4 67. Nf6+ Kf5 68. Kxf3 Ng6 69. Nd5 Ke6 70. Nf4+ Nxf4 71. Kxf4 Kf6 72. Kg4 h3 73. Kxh3 1/2-1/2


[Site "https://www.chess.com"]

[Event "Titled Tuesday Blitz June 13 Early 2023"]
[White "Mamedov, Edgar"]
[Black "Zhukov, Maksim"]
[WhiteFideId "13739980"]
[BlackFideId "34181790"]
[WhiteElo "2317"]
[BlackElo "1925"]
[Result "0-1"]
[Round "6"]
[TimeControl "180+2"]
[Date "2023.06.13"]
[WhiteClock "0:01:17"]
[BlackClock "0:01:41"]
[Board "113"]

1. d4 d5 2. Nf3 Nf6 3. c4 c6 4. Qc2 a6 5. g3 Bg4 6. Bg2 e6 7. O-O Nbd7 8. Nbd2 Be7 9. b3 O-O 10. Bb2 Bf5 11. Qd1 h6 12. Ne5 Nxe5 13. dxe5 Nd7 14. e4 dxe4 15. Nxe4 Qc7 16. Nd6 Rfd8 17. Nxf5 exf5 18. Qe2 Nf8 19. Rad1 Ne6 20. f4 g6 21. h3 Qb6+ 22. Kh2 h5 23. g4 hxg4 24. hxg4 Kg7 25. gxf5 Rh8+ 26. Bh3 gxf5 27. Qc2 Qe3 28. Rd3 Rxh3+ 29. Kg2 Qxd3 30. Qf2 Rg8 0-1


[Site "https://www.chess.com"]

[Event "Titled Tuesday Blitz June 13 Early 2023"]
[White "Aloma Vidal, Robert"]
[Black "Sarkar, Justin"]
[WhiteFideId "2260409"]
[BlackFideId "2010011"]
[WhiteElo "2435"]
[BlackElo "2151"]
[Result "1-0"]
[Round "6"]
[TimeControl "180+2"]
[Date "2023.06.13"]
[WhiteClock "0:02:04"]
[BlackClock "0:02:12"]
[Board "114"]

1. e4 b5 2. Bxb5 Bb7 3. Nc3 f5 4. d3 Nf6 5. Nf3 fxe4 6. dxe4 Nxe4 7. Nxe4 Bxe4 8. O-O e6 9. Re1 Bc6 10. Bd3 Be7 11. Ne5 O-O 12. Qh5 1-0


[Site "https://www.chess.com"]

[Event "Titled Tuesday Blitz June 13 Early 2023"]
[White "feuervogel1000000"]
[Black "Ciuffoletti, Paolo"]
[BlackFideId "807630"]
[WhiteElo "2509"]
[BlackElo "2143"]
[Result "1-0"]
[Round "6"]
[TimeControl "180+2"]
[Date "2023.06.13"]
[WhiteClock "0:02:23"]
[BlackClock "0:00:16"]
[Board "115"]

1. e3 c5 2. d4 d5 3. Nf3 Nf6 4. b3 Nc6 5. Bb2 g6 6. Nbd2 Bg7 7. dxc5 Qa5 8. a3 Qxc5 9. b4 Qb6 10. c4 dxc4 11. Nxc4 Qc7 12. b5 Na5 13. Be5 Qxc4 14. Bxc4 Nxc4 15. Bd4 O-O 16. Rc1 Nb6 17. a4 Bg4 18. a5 Nbd5 19. h3 Bxf3 20. Qxf3 e6 21. e4 Nb4 22. Bxf6 Bxf6 23. Qxf6 Nd3+ 24. Ke2 Nxc1+ 25. Rxc1 1-0


[Site "https://www.chess.com"]

[Event "Titled Tuesday Blitz June 13 Early 2023"]
[White "kuanysh1981"]
[Black "Chemin, Justo Reinaldo"]
[BlackFideId "2101580"]
[WhiteElo "2508"]
[BlackElo "1940"]
[Result "1-0"]
[Round "6"]
[TimeControl "180+2"]
[Date "2023.06.13"]
[WhiteClock "0:00:48"]
[BlackClock "0:01:07"]
[Board "116"]

1. e4 e5 2. Nf3 d6 3. d4 f5 4. Nc3 fxe4 5. Nxe4 d5 6. Nxe5 dxe4 7. Qh5+ g6 8. Nxg6 hxg6 9. Qxh8 Qf6 10. Qxg8 Be6 11. Qh7 Qxd4 12. Qxg6+ Bf7 13. Qg5 Bb4+ 14. Bd2 Qxb2 15. Rd1 Nc6 16. Bb5 Rd8 17. Bxc6+ bxc6 18. O-O Be7 19. Qh6 Qxc2 20. Qh8+ Kd7 21. Bg5+ Kc8 22. Rxd8+ Bxd8 23. Qxd8+ Kb7 24. Bf4 Bd5 25. Qxc7+ Ka6 26. Be3 Kb5 27. Qxa7 Kc4 28. Qc5+ Kd3 29. Qxc2+ 1-0


[Site "https://www.chess.com"]

[Event "Titled Tuesday Blitz June 13 Early 2023"]
[White "Kozak, Antoni"]
[Black "Lopez, Nelson M, Ii"]
[WhiteFideId "21832030"]
[BlackFideId "2027895"]
[WhiteElo "2470"]
[BlackElo "2443"]
[Result "0-1"]
[Round "6"]
[TimeControl "180+2"]
[Date "2023.06.13"]
[WhiteClock "0:00:00"]
[BlackClock "0:00:13"]
[Board "117"]

1. b3 d5 2. Bb2 Bg4 3. d3 c6 4. Nd2 Nd7 5. h3 Bh5 6. g4 Bg6 7. e3 e5 8. Ne2 Bd6 9. Bg2 h5 10. Ng3 hxg4 11. hxg4 Rxh1+ 12. Bxh1 Qh4 13. Qe2 Ngf6 14. Bf3 e4 15. dxe4 Bxg3 16. fxg3 Qxg3+ 17. Qf2 Qxf2+ 18. Kxf2 dxe4 19. Be2 O-O-O 20. Nc4 Kc7 21. g5 Nd5 22. Bxg7 b5 23. Ne5 Rg8 24. Nxd7 Rxg7 25. Nc5 Kd6 26. Na6 Rh7 27. Bd1 Rh3 28. c4 Nxe3 29. c5+ Ke5 30. Nb4 Kf4 31. Nxc6 Rh1 32. Nd4 Rxd1 33. Rxd1 Nxd1+ 34. Ke1 Nc3 35. c6 Nd5 36. Nxb5 Kxg5 37. Nxa7 f5 38. Nb5 f4 39. Nd6 f3 40. a4 e3 0-1


[Site "https://www.chess.com"]

[Event "Titled Tuesday Blitz June 13 Early 2023"]
[White "Mohammad Fahad, Rahman"]
[Black "Mrudul Dehankar"]
[WhiteFideId "10207791"]
[BlackFideId "25096990"]
[WhiteElo "2339"]
[BlackElo "2139"]
[Result "1-0"]
[Round "6"]
[TimeControl "180+2"]
[Date "2023.06.13"]
[WhiteClock "0:00:09"]
[BlackClock "0:00:00"]
[Board "118"]

1. Nf3 Nf6 2. g3 e6 3. Bg2 b5 4. O-O Bb7 5. a4 b4 6. a5 a6 7. d4 Be7 8. Nbd2 O-O 9. Nc4 d6 10. b3 Nbd7 11. Bb2 Qc8 12. Re1 Re8 13. Qd2 Ne4 14. Qe3 Ndf6 15. h3 Nc3 16. Qd3 Nfe4 17. e3 f5 18. Nfd2 Bf6 19. Nxe4 Bxe4 20. Qd2 Qb7 21. Bf1 e5 22. Bxc3 bxc3 23. Qxc3 exd4 24. exd4 Qd5 25. Rad1 Rad8 26. Ne3 Qf7 27. Qc4 d5 28. Qxa6 Rd6 29. Qb5 f4 30. gxf4 Bh4 31. f5 c6 32. Qc5 Rf6 33. Bd3 Rxf5 34. Bxe4 Rg5+ 35. Kh1 Bxf2 36. Qxc6 Rxe4 37. Nf5 Rxf5 38. Qc8+ 1-0


[Site "https://www.chess.com"]

[Event "Titled Tuesday Blitz June 13 Early 2023"]
[White "Kuznetsov, Mikhail"]
[Black "Itgelt, Khuyagtsogt"]
[WhiteFideId "4117190"]
[BlackFideId "4902912"]
[WhiteElo "1981"]
[BlackElo "2227"]
[Result "0-1"]
[Round "6"]
[TimeControl "180+2"]
[Date "2023.06.13"]
[WhiteClock "0:00:00"]
[BlackClock "0:00:07"]
[Board "119"]

1. d4 Nf6 2. Nf3 g6 3. c4 Bg7 4. Nc3 d5 5. cxd5 Nxd5 6. e4 Nxc3 7. bxc3 c5 8. Bc4 O-O 9. O-O cxd4 10. cxd4 Nc6 11. Be3 Bg4 12. d5 Ne5 13. Be2 Nxf3+ 14. gxf3 Bh3 15. Re1 Bxa1 16. Qxa1 f6 17. Bh6 Rf7 18. f4 Qd7 19. Qc3 Bg4 20. f3 Bh5 21. Kg2 Rc8 22. Qd4 e5 23. fxe5 fxe5 24. Qxe5 Re8 25. Qd4 Rxf3 26. Bxf3 Bxf3+ 27. Kxf3 Qh3+ 28. Ke2 Qxh2+ 29. Kd3 Qxh6 30. e5 Qh3+ 31. Kd2 Qa3 32. Qc4 Qb2+ 33. Kd3 b5 34. Qc6 Qa3+ 35. Kd2 Qb4+ 36. Kd1 Qb1+ 37. Kd2 Qxa2+ 0-1


[Site "https://www.chess.com"]

[Event "Titled Tuesday Blitz June 13 Early 2023"]
[White "Szyszylo, Rafal"]
[Black "MaryanKyrychenko"]
[WhiteFideId "1109626"]
[WhiteElo "1951"]
[BlackElo "2617"]
[Result "0-1"]
[Round "6"]
[TimeControl "180+2"]
[Date "2023.06.13"]
[WhiteClock "0:00:00"]
[BlackClock "0:00:19"]
[Board "120"]

1. e4 c5 2. Nc3 a6 3. g3 e6 4. Bg2 Nc6 5. d3 Nf6 6. f4 d5 7. e5 Nd7 8. Nf3 b5 9. O-O Bb7 10. a4 b4 11. Ne2 Qc7 12. c3 bxc3 13. bxc3 f6 14. d4 a5 15. exf6 Nxf6 16. Ng5 Qd7 17. Rb1 Ba6 18. Re1 h6 19. Nxe6 Qxe6 20. dxc5 Bxc5+ 21. Nd4 Bxd4+ 22. cxd4 Ne4 23. Rb6 Bc4 24. Ba3 Kf7 25. Rb7+ Kg6 26. Qc2 Rhe8 27. Rb6 Kh7 28. Bc5 Rab8 29. Rxb8 Rxb8 30. Bxe4+ dxe4 31. Rxe4 Qg6 0-1


[Site "https://www.chess.com"]

[Event "Titled Tuesday Blitz June 13 Early 2023"]
[White "Ansh M Shah"]
[Black "Jain Kashish Manoj"]
[WhiteFideId "25033379"]
[BlackFideId "35081098"]
[WhiteElo "2084"]
[BlackElo "2181"]
[Result "0-1"]
[Round "6"]
[TimeControl "180+2"]
[Date "2023.06.13"]
[WhiteClock "0:00:00"]
[BlackClock "0:00:06"]
[Board "121"]

1. d4 Nf6 2. c4 c5 3. d5 b5 4. cxb5 a6 5. e3 g6 6. Nc3 Bg7 7. Nf3 O-O 8. a4 d6 9. e4 e6 10. Be2 axb5 11. Nxb5 Nxe4 12. dxe6 Bxe6 13. O-O Nc6 14. Bd3 d5 15. Bxe4 dxe4 16. Ng5 Bc4 17. Be3 Bxf1 18. Qxf1 Nd4 19. Qc4 Nxb5 20. Qxb5 Qd3 21. Qxc5 Rxa4 22. Rf1 h6 23. Nh3 Qc4 24. Qd6 Ra6 25. Qe7 Re6 26. Qa3 Rb8 27. Nf4 Rc6 28. Qa5 Qb5 29. Qa7 Qb7 30. Qa4 Ra6 31. Qc4 Qc6 32. Qe2 Rxb2 33. Qd1 Rb8 34. h3 Ra1 35. Qe2 Rxf1+ 36. Qxf1 Qd6 37. g3 Rd8 38. Kh2 Bd4 39. Qe2 Bxe3 40. Qxe3 Qd2 41. Qb6 e3 42. Qxe3 Qxe3 43. fxe3 Rd2+ 44. Kg1 Kg7 45. Kf1 Kf6 46. Ne2 Ke5 47. Kf2 Ke4 48. g4 f6 49. h4 h5 50. gxh5 gxh5 51. Kf1 Kxe3 52. Ng3 Kf3 0-1


[Site "https://www.chess.com"]

[Event "Titled Tuesday Blitz June 13 Early 2023"]
[White "Belov, Alexei"]
[Black "Gomez Barrera, Javiera Belen"]
[WhiteFideId "4128206"]
[BlackFideId "3418723"]
[WhiteElo "2612"]
[BlackElo "2119"]
[Result "1-0"]
[Round "6"]
[TimeControl "180+2"]
[Date "2023.06.13"]
[WhiteClock "0:01:17"]
[BlackClock "0:00:32"]
[Board "122"]

1. e4 c5 2. Nf3 Nc6 3. d4 cxd4 4. Nxd4 e5 5. Nb5 d6 6. Bc4 Nf6 7. Bg5 Be7 8. Bxf6 gxf6 9. O-O Be6 10. Bd5 a6 11. N5c3 Rg8 12. Kh1 Qb6 13. Bb3 Nd4 14. Nd2 O-O-O 15. Nd5 Bxd5 16. Bxd5 Ne6 17. Nc4 Qc7 18. Ne3 Rg5 19. b4 Rdg8 20. a4 Nf4 21. g3 Ne6 22. a5 Kb8 23. Rb1 Nd4 24. Bxf7 R8g7 25. Bd5 f5 26. exf5 Nxf5 27. Nxf5 Rxf5 28. b5 Qxa5 29. bxa6 Bd8 30. axb7 1-0


[Site "https://www.chess.com"]

[Event "Titled Tuesday Blitz June 13 Early 2023"]
[White "Iskusnyh, Sergei"]
[Black "FunnyDuck66"]
[WhiteFideId "4120027"]
[WhiteElo "2492"]
[BlackElo "2429"]
[Result "0-1"]
[Round "6"]
[TimeControl "180+2"]
[Date "2023.06.13"]
[WhiteClock "0:00:01"]
[BlackClock "0:00:24"]
[Board "123"]

1. d4 Nf6 2. c4 e6 3. g3 Bb4+ 4. Bd2 Qe7 5. Bg2 O-O 6. e3 a5 7. Ne2 d6 8. Nbc3 Nbd7 9. a3 Bxc3 10. Nxc3 e5 11. O-O c6 12. b3 Re8 13. Qc2 e4 14. b4 b6 15. Rab1 Ba6 16. b5 cxb5 17. Nxb5 Rec8 18. Qa2 Qe6 19. Rfc1 d5 20. cxd5 Nxd5 21. a4 N7f6 22. Bf1 h5 23. Rxc8+ Rxc8 24. Rc1 Rxc1 25. Bxc1 h4 26. Qc2 Bxb5 27. Bxb5 Qf5 28. Bf1 hxg3 29. hxg3 Ng4 30. Bg2 Ndf6 31. Qc7 Qxf2+ 32. Kh1 Qe1+ 0-1


[Site "https://www.chess.com"]

[Event "Titled Tuesday Blitz June 13 Early 2023"]
[White "LeoLV10"]
[Black "Schnaider, Ilan"]
[BlackFideId "169013"]
[WhiteElo "2423"]
[BlackElo "2224"]
[Result "0-1"]
[Round "6"]
[TimeControl "180+2"]
[Date "2023.06.13"]
[WhiteClock "0:00:41"]
[BlackClock "0:00:56"]
[Board "124"]

1. e4 c5 2. Nf3 d6 3. d4 cxd4 4. Nxd4 Nf6 5. Nc3 a6 6. Bg5 e6 7. f4 Be7 8. Qd3 Nbd7 9. O-O-O Nc5 10. Qe2 h6 11. Bh4 Qc7 12. e5 dxe5 13. fxe5 Ng8 14. Bxe7 Nxe7 15. Qf3 Qxe5 16. Bd3 Bd7 17. Rhf1 Qxd4 18. Qxf7+ Kd8 19. Bb5 Qe3+ 20. Kb1 axb5 21. Qxg7 Re8 22. Nxb5 Qg5 23. Qd4 Qd5 24. Qf4 Qxa2+ 25. Kc1 Qa1+ 26. Kd2 Qa5+ 27. Nc3 Nd5 28. Qh4+ Kc8 29. Rf3 Bc6 30. Re1 Nxc3 31. Rxc3 Na4 32. b4 Qd8+ 33. Qxd8+ Rxd8+ 34. Rd3 Rxd3+ 35. Kxd3 Bd5 36. c4 Nb2+ 37. Kd4 Nxc4 38. Rc1 Kd7 39. Rf1 Kd6 0-1


[Site "https://www.chess.com"]

[Event "Titled Tuesday Blitz June 13 Early 2023"]
[White "Toczek, Grzegorz"]
[Black "Dixit, Nikhil"]
[WhiteFideId "1106457"]
[BlackFideId "5059534"]
[WhiteElo "2093"]
[BlackElo "2207"]
[Result "1-0"]
[Round "6"]
[TimeControl "180+2"]
[Date "2023.06.13"]
[WhiteClock "0:00:31"]
[BlackClock "0:00:09"]
[Board "125"]

1. e4 c5 2. Nc3 Nc6 3. Bb5 Nd4 4. Bc4 e6 5. Nf3 Nxf3+ 6. Qxf3 Ne7 7. d3 Nc6 8. Qg3 d6 9. Bg5 Qd7 10. a3 a6 11. Ba2 b5 12. O-O h6 13. Bd2 g6 14. f4 Bg7 15. f5 Be5 16. fxe6 fxe6 17. Qxg6+ Kd8 18. Rf7 Qe8 19. Raf1 Ne7 20. Qg4 Rg8 21. Qe2 Ng6 22. Kh1 Bd7 23. Nd1 Kc7 24. c3 Kc6 25. d4 Bg7 26. d5+ Kb6 27. a4 Be5 28. Ne3 Nh4 29. g3 Ng6 30. dxe6 Bxe6 31. Nd5+ Bxd5 32. Bxd5 Rb8 33. axb5 Qxb5 34. Bc4 Qc6 35. Bd5 Qb5 36. c4 Qxb2 37. Qd3 a5 38. Rb1 Qxb1+ 39. Qxb1+ Ka6 40. Rb7 1-0


[Site "https://www.chess.com"]

[Event "Titled Tuesday Blitz June 13 Early 2023"]
[White "Shuvalov, Evgenij"]
[Black "Matveeva, Olga"]
[WhiteFideId "4187237"]
[BlackFideId "24107018"]
[WhiteElo "2080"]
[BlackElo "2009"]
[Result "1-0"]
[Round "6"]
[TimeControl "180+2"]
[Date "2023.06.13"]
[WhiteClock "0:00:58"]
[BlackClock "0:00:11"]
[Board "126"]

1. d4 Nf6 2. c4 e6 3. Nc3 Bb4 4. e3 O-O 5. a3 Bxc3+ 6. bxc3 d6 7. Bd3 e5 8. e4 Nbd7 9. Ne2 Qe7 10. f3 Nh5 11. h4 f5 12. exf5 exd4 13. cxd4 Ng3 14. Bg5 Nf6 15. Kf2 Nxf5 16. Re1 h6 17. Ng3 Qf7 18. Nxf5 hxg5 19. hxg5 Nh5 20. Ne7+ Kh8 21. Bg6 Qxc4 22. Bxh5 Bf5 23. Rh1 Bh7 24. Bg6 1-0


[Site "https://www.chess.com"]

[Event "Titled Tuesday Blitz June 13 Early 2023"]
[White "Palencia Morales, Wilson Guillermo"]
[Black "Gracia Alvarez, Gerardo Antonio"]
[WhiteFideId "4401859"]
[BlackFideId "5109124"]
[WhiteElo "2144"]
[BlackElo "2160"]
[Result "1-0"]
[Round "6"]
[TimeControl "180+2"]
[Date "2023.06.13"]
[WhiteClock "0:01:40"]
[BlackClock "0:00:24"]
[Board "127"]

1. d4 Nf6 2. c4 c5 3. d5 b5 4. cxb5 a6 5. bxa6 g6 6. Nc3 Bg7 7. e4 O-O 8. e5 Ne8 9. h4 Bxe5 10. h5 d6 11. Bh6 Ng7 12. hxg6 fxg6 13. Qd2 Nxa6 14. Nf3 Bf6 15. Ne4 Bf5 16. Ng3 Nb4 17. Nxf5 Nxf5 18. Bxf8 Qxf8 19. a3 Qg7 20. Rb1 Na6 21. Bd3 Nc7 22. Bxf5 gxf5 23. Kf1 Ra4 24. b4 c4 25. Qc2 Rxa3 26. Qxf5 Ra7 27. b5 c3 28. b6 1-0


[Site "https://www.chess.com"]

[Event "Titled Tuesday Blitz June 13 Early 2023"]
[White "DanyKopy"]
[Black "Srdanovic, Jovana"]
[BlackFideId "954810"]
[WhiteElo "2419"]
[BlackElo "2155"]
[Result "1-0"]
[Round "6"]
[TimeControl "180+2"]
[Date "2023.06.13"]
[WhiteClock "0:00:58"]
[BlackClock "0:00:00"]
[Board "128"]

1. e4 e5 2. Nf3 Nc6 3. Nc3 Nf6 4. d4 exd4 5. Nxd4 Bb4 6. Nxc6 bxc6 7. Bd3 d5 8. exd5 O-O 9. O-O cxd5 10. Bg5 c6 11. Na4 Be6 12. c3 Be7 13. Bc2 h6 14. Bh4 Re8 15. Qd3 Ne4 16. Bxe7 Qxe7 17. f3 Nf6 18. b4 a5 19. Nc5 Qa7 20. Kh1 Qb6 21. a3 axb4 22. axb4 Rxa1 23. Rxa1 Qc7 24. Re1 Kf8 25. Qd4 Bd7 26. Rxe8+ Bxe8 27. Kg1 Qe7 28. Kf2 Nd7 29. g3 Nxc5 30. Qxc5 Qxc5+ 31. bxc5 Ke7 32. f4 f6 33. Ke3 Bd7 34. Kd4 Bh3 35. Ba4 Kd7 36. c4 dxc4 37. Kxc4 Bg2 38. Kb4 Bd5 39. Ka5 g5 40. Kb6 gxf4 41. gxf4 h5 42. Bd1 h4 43. Bg4+ Ke7 44. Bc8 Kd8 45. Bf5 Ke7 46. Kc7 Bh1 47. Bd7 Bd5 48. Bxc6 Bc4 49. Be4 Bb5 50. c6 Ba4 51. Kb6 Bd1 52. Bf5 Bf3 53. c7 Kd6 54. c8=Q Kd5 55. Qc6+ Kd4 56. Qxf3 1-0


[Site "https://www.chess.com"]

[Event "Titled Tuesday Blitz June 13 Early 2023"]
[White "Lymar, Vladislav"]
[Black "Topalov, Aleksandar"]
[WhiteFideId "14162180"]
[BlackFideId "925659"]
[WhiteElo "2234"]
[BlackElo "2151"]
[Result "1-0"]
[Round "6"]
[TimeControl "180+2"]
[Date "2023.06.13"]
[WhiteClock "0:00:16"]
[BlackClock "0:00:00"]
[Board "129"]

1. d4 Nf6 2. c4 c5 3. e3 g6 4. Nc3 Bg7 5. Nf3 O-O 6. b3 d6 7. Bb2 Nc6 8. Bd3 Bg4 9. Ne2 Nd7 10. Be4 Nf6 11. Bxc6 bxc6 12. dxc5 Qa5+ 13. Bc3 Qxc5 14. Nd2 Qh5 15. f3 Bd7 16. O-O c5 17. Nf4 Qh6 18. Rc1 Bc6 19. Qe2 a5 20. g3 a4 21. e4 axb3 22. Nxb3 Nd7 23. Nd5 Bxd5 24. exd5 Bxc3 25. Rxc3 Rfe8 26. Re3 Nb6 27. Ra1 Qg7 28. a3 Qf6 29. Ra2 Ra4 30. Nd2 h5 31. Rb3 Nd7 32. Kg2 Ne5 33. Ne4 Qf5 34. Rc2 h4 35. f4 Ng4 36. Nxd6 exd6 37. Qxe8+ Kg7 38. Qe2 hxg3 39. hxg3 Qh5 40. Kg1 Qf5 41. Rf3 Nf6 42. Ra2 Qg4 43. Kg2 Nh5 44. Qd3 Qd7 45. Qb3 Ra8 46. a4 Re8 47. a5 1-0


[Site "https://www.chess.com"]

[Event "Titled Tuesday Blitz June 13 Early 2023"]
[White "Buchenau, Frank"]
[Black "Zavgorodniy, Sergiy"]
[WhiteFideId "4604350"]
[BlackFideId "14110148"]
[WhiteElo "2157"]
[BlackElo "2402"]
[Result "1-0"]
[Round "6"]
[TimeControl "180+2"]
[Date "2023.06.13"]
[WhiteClock "0:00:08"]
[BlackClock "0:00:05"]
[Board "130"]

1. e4 c6 2. Nf3 d5 3. Nc3 Bg4 4. d4 Bxf3 5. gxf3 e6 6. Qd3 Qb6 7. Bd2 Nd7 8. O-O-O Ngf6 9. Rg1 g6 10. Kb1 Bg7 11. Ne2 O-O-O 12. c4 Kb8 13. cxd5 cxd5 14. e5 Nh5 15. Nc3 Rc8 16. Na4 Qc6 17. Qb3 Nb6 18. Nc5 Nc4 19. Bxc4 dxc4 20. Qxc4 Qxf3 21. Rc1 Qc6 22. Qb3 Rhd8 23. Be3 Qd5 24. Na6+ Ka8 25. Nc7+ Rxc7 26. Rxc7 Qe4+ 27. Qc2 Qxc2+ 28. Kxc2 Rf8 29. Rc1 Kb8 30. Kd3 f6 31. Re7 fxe5 32. Rcc7 exd4 33. Rxb7+ Kc8 34. Bd2 Bf6 35. Rec7+ Kd8 36. Rxh7 Be5 37. Rxa7 Kc8 38. Ra8+ Bb8 39. Ke2 Nf6 40. Rg7 Ne4 41. Be1 g5 42. f3 Nd6 43. Bg3 Rd8 44. Ra6 Nf5 45. Rc6+ Bc7 46. Bxc7 Nxg7 47. Bxd8+ Kxd8 48. a4 Kd7 49. Rc4 Nf5 50. a5 e5 51. a6 Nd6 52. Rc5 Nc8 53. b4 Nb6 54. b5 g4 55. Rc6 Nd5 56. a7 gxf3+ 57. Kxf3 Nc3 58. a8=Q e4+ 59. Kf4 Nd5+ 60. Kxe4 Nf6+ 61. Kf5 Ke7 62. Qc8 Nd7 63. Re6+ Kf7 64. Qxd7+ Kg8 65. Re8# 1-0


[Site "https://www.chess.com"]

[Event "Titled Tuesday Blitz June 13 Early 2023"]
[White "Liu, Casper"]
[Black "Miller, Luke C"]
[WhiteFideId "1454153"]
[BlackFideId "2096935"]
[WhiteElo "2221"]
[BlackElo "1836"]
[Result "1-0"]
[Round "6"]
[TimeControl "180+2"]
[Date "2023.06.13"]
[WhiteClock "0:02:25"]
[BlackClock "0:00:14"]
[Board "131"]

1. e4 c5 2. Nc3 g6 3. Bc4 Bg7 4. d3 e6 5. f4 Ne7 6. Nf3 d5 7. exd5 exd5 8. Bb5+ Nbc6 9. O-O O-O 10. Bxc6 Nxc6 11. Kh1 Rb8 12. Bd2 b5 13. Rb1 Re8 14. Ne2 a5 15. d4 c4 16. c3 Bf5 17. Rc1 Bd3 18. Re1 b4 19. Ng3 bxc3 20. Bxc3 Bh6 21. Qd2 Qd6 22. Ne5 Nxe5 23. dxe5 Qa6 24. Qf2 Qb6 25. Bd4 Qb5 26. Rcd1 Qa4 27. Bc3 Qxa2 28. e6 f6 29. Bxf6 Rf8 30. e7 Rxf6 31. e8=Q+ Rxe8 32. Rxe8+ Kf7 33. Rde1 Rxf4 34. Qa7+ Kf6 35. Qe7# 1-0


[Site "https://www.chess.com"]

[Event "Titled Tuesday Blitz June 13 Early 2023"]
[White "Parpiev, Isaak"]
[Black "Mazurkiewicz, Michal"]
[WhiteFideId "34281576"]
[BlackFideId "1124943"]
[WhiteElo "2167"]
[BlackElo "2063"]
[Result "1-0"]
[Round "6"]
[TimeControl "180+2"]
[Date "2023.06.13"]
[WhiteClock "0:00:24"]
[BlackClock "0:00:00"]
[Board "132"]

1. Nf3 Nf6 2. b3 g6 3. Bb2 Bg7 4. g3 O-O 5. Bg2 d6 6. d4 Re8 7. O-O Nbd7 8. a4 c6 9. a5 Qc7 10. Nbd2 e5 11. dxe5 dxe5 12. e4 Nc5 13. Qe2 Nfd7 14. Rfd1 Ne6 15. Nc4 f6 16. Nd6 Rd8 17. a6 b5 18. h4 Ndc5 19. Nxc8 Raxc8 20. Bh3 Kf7 21. h5 Rxd1+ 22. Rxd1 Rd8 23. hxg6+ hxg6 24. Re1 Rh8 25. Bg4 g5 26. b4 Nxa6 27. Bc3 Qe7 28. Ra1 Nac7 29. Rxa7 Ra8 30. Rxa8 Nxa8 31. Kg2 Nb6 32. Bh5+ Kg8 33. Nh2 Nc4 34. Qf3 Nf8 35. Ng4 c5 36. bxc5 Qxc5 37. Nxf6+ Bxf6 38. Qxf6 Qc7 39. Qxg5+ Qg7 40. Qf5 Nd6 41. Qxe5 Qxe5 42. Bxe5 Nxe4 43. Bf3 Nd2 44. Bd5+ Kh7 45. Bc3 Nb1 46. Bb4 Nd7 47. Ba2 Ne5 48. Bxb1 Nc6 49. g4 Nxb4 50. c3+ Kg7 51. cxb4 Kf6 52. f4 Ke6 53. Kf3 Kd5 54. Bd3 1-0


[Site "https://www.chess.com"]

[Event "Titled Tuesday Blitz June 13 Early 2023"]
[White "brm72"]
[Black "Gulkov, Igor A."]
[BlackFideId "4120973"]
[WhiteElo "2520"]
[BlackElo "2343"]
[Result "1-0"]
[Round "6"]
[TimeControl "180+2"]
[Date "2023.06.13"]
[WhiteClock "0:00:37"]
[BlackClock "0:00:00"]
[Board "133"]

1. e4 c5 2. Nf3 d6 3. d4 cxd4 4. Nxd4 Nf6 5. Nc3 a6 6. f3 e5 7. Nb3 Be6 8. Be3 h5 9. Qd2 Nbd7 10. O-O-O Rc8 11. Kb1 Qc7 12. h3 h4 13. Bd3 Nb6 14. Qf2 Nfd7 15. f4 Be7 16. Rhe1 exf4 17. Bxf4 Ne5 18. Nd5 Bxd5 19. exd5 O-O 20. Nd4 Nxd5 21. Nf5 Nxf4 22. Qxf4 g6 23. Nxh4 Bxh4 24. Qxh4 Kg7 25. Qd4 Qc5 26. Be4 Qxd4 27. Rxd4 Rc7 28. Rxd6 Nc4 29. Rd4 Re8 30. Red1 b5 31. b3 Ne5 32. Kb2 Ree7 33. a4 f5 34. Bd3 Nxd3+ 35. R1xd3 bxa4 36. bxa4 Re2 37. Rd2 Rxd2 38. Rxd2 Rc6 39. Kb3 Kf6 40. c4 Ke5 41. a5 Ke4 42. Kb4 Ke3 43. Rd5 Kf2 44. Rd2+ Ke3 45. Rd8 Kf2 46. g4 f4 47. Rf8 f3 48. h4 Kg3 49. h5 g5 50. c5 Kxg4 51. Kc4 Kg3 52. Kd5 Rc7 53. Kd6 Rh7 54. c6 Rh6+ 55. Kd5 Rxh5 56. c7 g4+ 57. Kd4 Rh1 58. c8=Q 1-0


[Site "https://www.chess.com"]